 Dungeon Crawl Stone Soup version 0.31.0-32-g396128a36d (webtiles) character file.

Game seed: 17932944590250329315

4059 gohu the Thaumaturge (level 10, -5/72 HPs)
             Began as a Djinni Fire Elementalist on Mar 14, 2024.
             Was a Believer of Makhleb.
             Slain by a yak (7 damage)
             ... on level 8 of the Dungeon.
             The game lasted 00:14:44 (6438 turns).

gohu the Thaumaturge (Djinni Fire Elementalist)     Turns: 6438, Time: 00:14:44

Health: -5/72      AC: 11    Str:  6 (7)  XL:     10   Next: 49%
Gold:   300        EV: 13    Int: 18 (21) God:    Makhleb [**....] SH:  0 Dex: 13 (14)

rFire   + + .        j - +2 dagger (elec)
rCold   x . .        (no shield)
rNeg    . . .        D - +1 steam dragon scales
rPois   ∞            i - +0 helmet
rElec   .            (no cloak)
rCorr   .            (no gloves)
SInv    .            (boots unavailable)
Will    +....        (no amulet)
Stlth   ++           k - +4 ring of protection
HPRegen 0.32/turn    (no ring)
MPRegen 0.00/turn

%: infuse magic (-6 HP)
@: flying
A: sickness immunity, fire resistance 2, cold vulnerability 1, float, innate
caster, HP casting, extra vitality 1
a: Renounce Religion, Minor Destruction


You were on level 8 of the Dungeon.
You worshipped Makhleb.
Makhleb was pleased with you.
You visited 2 branches of the dungeon, and saw 9 of its levels.

You collected 300 gold pieces.

Inventory:

Hand Weapons
 j - a +2 dagger of electrocution (weapon)
Armour
 a - a +0 robe
 i - a +0 helmet (worn)
 D - +1 steam dragon scales (worn)
 E - a +2 robe of fire resistance
Jewellery
 k - a +4 ring of protection (left hand)
Wands
 C - a wand of flame (38)
Scrolls
 c - a scroll of teleportation {unknown}
 f - 6 scrolls of identify {unknown}
 m - 3 scrolls of noise {unknown}
 n - a scroll of enchant weapon {unknown}
 o - 2 scrolls of amnesia {unknown}
 q - a scroll of immolation {unknown}
 r - 2 scrolls of fog {unknown}
 s - a scroll of vulnerability {unknown}
 v - a scroll of enchant armour {unknown}
 w - a scroll of torment {unknown}
 x - a scroll of silence {unknown}
 y - a scroll of brand weapon {unknown}
 z - a scroll of fear {unknown}
 B - a scroll of blinking {unknown}
Potions
 b - a potion of degeneration
 d - 2 potions of brilliance {unknown}
 e - 2 potions of heal wounds {unknown}
 g - a potion of curing {unknown}
 h - a potion of might {unknown}
 l - a potion of enlightenment
 p - 2 potions of lignification {unknown}
 t - a potion of magic {unknown}
 u - a potion of haste {unknown}
 A - 2 potions of attraction {unknown}


   Skills:
 * Level 6.0 Fighting
 + Level 5.0 Dodging
 - Level 1.5 Stealth
 * Level 10.3 Spellcasting
 * Level 10.3 Conjurations
 * Level 10.3 Hexes
   Level 0.0 Charms
 * Level 10.3 Summonings
 * Level 10.3 Necromancy
 * Level 10.3 Translocations
   Level 0.0 Transmutations
 * Level 10.3 Fire Magic
 * Level 10.3 Ice Magic
 * Level 10.3 Air Magic
 * Level 10.3 Earth Magic
 * Level 10.3 Alchemy


You knew the following spells:

 Your Spells              Type           Power      Damage    Failure   Level
a - Foxfire               Conj/Fire      100%       2x1d9     1%          1
b - Scorch                Fire           92%        2d8       1%          2
c - Flame Wave            Conj/Fire      46%        2d12      1%          4
d - Inner Flame           Hex/Fire       46%        N/A       1%          3
e - Volatile Blastmotes   Fire/Tloc      92%        2d17      1%          3
f - Freeze                Ice            100%       1d10      1%          1
g - Blink                 Tloc           92%        N/A       1%          2
h - Momentum Strike       Conj/Tloc      92%        3d10      1%          2
i - Cause Fear            Hex            23%        N/A       1%          4
Your spell library was empty.

Dungeon Overview and Level Annotations

Branches:
Dungeon (8/15)             Temple (1/1) D:5
   Lair: D:8-11

Altars:
Ashenzari
Cheibriados
Dithmenos
Fedhas
Gozag
Makhleb
Nemelex Xobeh
Qazlal
Ru
Trog
Uskayaw
Wu Jian
Xom
Zin
The Shining One

Shops:
D:7 =

Annotations:
D:7 1 runed translucent door, Crazy Yiuf


Innate Abilities, Weirdness & Mutations

You are immune to sickness and miasma.
You are immune to poison.
Your flesh is very heat resistant. (rF++)
You are vulnerable to cold. (rC-)
You float through the air rather than walking.
You learn spells naturally, not from books.
Your magical power is your life essence.
You have superior vitality. (+4 MHP)


Message History

* * * LOW HITPOINT WARNING * * *
The basilisk bites you.
* * * LOW HITPOINT WARNING * * *
A wave of flame ripples out!
The flame wave engulfs the yak!
The yak is moderately wounded.
The flame wave engulfs the yak.
The yak is heavily wounded.
The flame wave engulfs the basilisk!
The basilisk is almost dead.
* * * LOW HITPOINT WARNING * * *
The basilisk gazes at you.
You easily resist.
The yak closely misses you. The yak gores you but does no damage.
A wave of flame ripples out!
The flame wave engulfs the yak!!
The yak is almost dead.
The flame wave engulfs the yak!
The yak is severely wounded.
The flame wave engulfs the basilisk!!
You kill the basilisk!
Makhleb accepts your kill.
You feel better.
The flame wave engulfs the yak!
The yak is moderately wounded.
The flame wave engulfs the yak!
The yak is heavily wounded.
* * * LOW HITPOINT WARNING * * *
You finish channelling waves of flame.
The yak gores you.
* * * LOW HITPOINT WARNING * * *
The yak gores you!
* * * LOW HITPOINT WARNING * * *
Your Fighting skill increases to level 6!
Your Dodging skill increases to level 5!
Okay, then.
Okay, then.
It was a potion of degeneration.
There was something very wrong with that liquid.
You feel weakened.
You feel dopey.
You feel clumsy. The yak gores you but does no damage. The yak gores you.
* * * LOW HITPOINT WARNING * * *
The yak gores you!
You die...

.......
.......
.......
....... #
...$...###+#.#
......Y......#
...8..YY)....#
.....)Y@.....#
.............#
.............#
.............#
....##.##....#
...# .. #...#
... .~ ...# ..
.~~ +#.#


You could see 4 yaks.

Vanquished Creatures
  Maggie (D:7)
  An unseen horror zombie (D:8)
  A hornet (D:8)
  3 basilisks (D:8)
  5 water moccasins
  A sky beast (D:7)
  2 ice beasts
  3 phantoms
  A bullfrog (D:7)
  2 scorpions (D:6)
  10 wights
  3 killer bees (D:7)
  A howler monkey (D:5)
  A centaur zombie (D:8)
  4 hounds
  2 bombardier beetles (D:5)
  3 jellies
  2 gnoll boudas
  2 orc priests
  5 iguanas
  5 orc wizards
  2 sleepcaps
  3 howler monkey zombies (D:8)
  Robin (D:2)
  7 gnolls
  7 adders
  2 shadow imps
  3 ufetubi
  2 dart slugs (D:2)
  4 ribbon worms
  29 orcs
  7 bats
  6 endoplasms
  2 giant cockroaches
  15 goblins
  6 hobgoblins
  3 jackals (D:3)
  7 kobolds
  6 quokkas
  2 ball pythons
  A frilled lizard (D:3)
  6 rats
  A butterfly (D:5)
180 creatures vanquished.

Vanquished Creatures (others)
  335 foxfires
335 creatures vanquished.

Grand Total: 515 creatures vanquished

Notes
Turn   | Place    | Note
-------+----------+-------------------------------------------
     0 | D:1      | gohu the Djinni Fire Elementalist began the quest for the
                  | Orb.
     0 | D:1      | gohu set off with the following spells memorised: Foxfire,
                  | Scorch, Volatile Blastmotes, Inner Flame, Flame Wave.
     0 | D:1      | Reached XP level 1. HP: 15/15 MP: 0/0
    47 | D:1      | Found a faded altar of an unknown god.
    72 | D:1      | Reached XP level 2. HP: 20/21 MP: 0/0
   797 | D:2      | Reached XP level 3. HP: 13/25 MP: 0/0
   797 | D:2      | Learned a level 1 spell: Freeze
  1031 | D:2      | Found a shimmering altar of Xom.
  1102 | D:2      | Noticed Robin
  1117 | D:2      | Killed Robin
  1118 | D:2      | Reached XP level 4. HP: 16/31 MP: 0/0
  1695 | D:3      | Reached XP level 5. HP: 29/35 MP: 0/0
  1695 | D:3      | Learned a level 2 spell: Blink
  1947 | D:3      | Reached skill level 5 in Spellcasting
  1947 | D:3      | Reached skill level 5 in Conjurations
  1947 | D:3      | Reached skill level 5 in Hexes
  1947 | D:3      | Reached skill level 5 in Summonings
  1947 | D:3      | Reached skill level 5 in Necromancy
  1947 | D:3      | Reached skill level 5 in Translocations
  1947 | D:3      | Reached skill level 5 in Fire Magic
  1947 | D:3      | Reached skill level 5 in Ice Magic
  1947 | D:3      | Reached skill level 5 in Air Magic
  1947 | D:3      | Reached skill level 5 in Earth Magic
  1947 | D:3      | Reached skill level 5 in Alchemy
  2318 | D:4      | Reached XP level 6. HP: 22/40 MP: 0/0
  2966 | D:5      | Entered Level 5 of the Dungeon
  3012 | D:5      | Reached XP level 7. HP: 44/45 MP: 0/0
  3012 | D:5      | Learned a level 2 spell: Momentum Strike
  3502 | D:5      | Found a staircase to the Ecumenical Temple.
  3641 | Temple   | Entered the Ecumenical Temple
  3684 | Temple   | Became a worshipper of Makhleb the Destroyer
  3909 | D:5      | Found a glowing silver altar of Zin.
  3940 | D:5      | Reached XP level 8. HP: 49/50 MP: 0/0
  4690 | D:6      | Reached * piety under Makhleb
  4822 | D:6      | Reached XP level 9. HP: 42/55 MP: 0/0
  4822 | D:6      | Learned a level 4 spell: Cause Fear
  4889 | D:6      | Found a stormy altar of Qazlal.
  5553 | D:7      | Reached skill level 1 in Fighting
  5791 | D:7      | Noticed Maggie
  5806 | D:7      | Killed Maggie
  6023 | D:7      | Found Neucsesi's Jewellery Shop.
  6319 | D:7      | Reached XP level 10. HP: 62/67 MP: 0/0
  6378 | D:7      | Found a runed translucent door.
  6379 | D:7      | Noticed Crazy Yiuf
  6419 | D:8      | Reached skill level 5 in Fighting
  6419 | D:8      | Reached skill level 10 in Spellcasting
  6419 | D:8      | Reached skill level 10 in Conjurations
  6419 | D:8      | Reached skill level 10 in Hexes
  6419 | D:8      | Reached skill level 10 in Summonings
  6419 | D:8      | Reached skill level 10 in Necromancy
  6419 | D:8      | Reached skill level 10 in Translocations
  6419 | D:8      | Reached skill level 10 in Fire Magic
  6419 | D:8      | Reached skill level 10 in Ice Magic
  6419 | D:8      | Reached skill level 10 in Air Magic
  6419 | D:8      | Reached skill level 10 in Earth Magic
  6419 | D:8      | Reached skill level 10 in Alchemy
  6421 | D:8      | Reached ** piety under Makhleb
  6437 | D:8      | HP: 3/72 [yak (8)]
  6438 | D:8      | Reached skill level 5 in Dodging
  6438 | D:8      | Slain by a yak

Illustrated notes

Levels and vault maps discovered:
D:1:      psy_arrival_radial02, layout_loops_ring, ebering_ecumenical_altar_rust
D:2:      layout_loops_ring, basic_altar, minmay_tromino_v2, uniq_robin
D:3:      layout_rooms
D:4:      layout_rooms
D:5:      layout_basic, kennysheep_mini_moat, minmay_temple_entry_butterflies,
          dk_noncrumbling_2
D:6:      layout_loops_corners, nicolae_overflow_squiral, minmay_bent
D:7:      layout_basic, kennysheep_ying_yang, serial_shops, shop, uniq_maggie,
          uniq_crazy_yiuf_cottage
D:8:      kennysheep_blocky_room, layout_basic,
          nicolae_hepliaklqana_hazy_memory, minmay_lair_entry_grove,
          serial_undead, serial_undead_b, serial_undead_d, serial_undead_b,
          serial_undead_e, serial_undead_f, hangedman_decor_opposing,
          minmay_misc_feat_five, amcnicky_mini_pool_small
Temple:   regret_index_temple_generic_petals

Skill      XL: |  1  2  3  4  5  6  7  8  9 10 |
---------------+-------------------------------+-----
Spellcasting   | 4 5 6 7 8 9 10 | 10.3
Conjurations   | 4 5 6 7 8 9 10 | 10.3
Hexes          | 4 5 6 7 8 9 10 | 10.3
Summonings     | 4 5 6 7 8 9 10 | 10.3
Necromancy     | 4 5 6 7 8 9 10 | 10.3
Translocations | 4 5 6 7 8 9 10 | 10.3
Fire Magic     | 4 5 6 7 8 9 10 | 10.3
Ice Magic      | 4 5 6 7 8 9 10 | 10.3
Air Magic      | 4 5 6 7 8 9 10 | 10.3
Earth Magic    | 4 5 6 7 8 9 10 | 10.3
Alchemy        | 4 5 6 7 8 9 10 | 10.3
Fighting       | 4 6 |  6.0
Dodging        | 3 5 |  5.0
Stealth        | |  1.5

Action                     |  1- 3 |  4- 6 |  7- 9 | 10-12 || total
---------------------------+-------+-------+-------+-------++-------
   Cast: Foxfire           |    60 |    83 |    57 |       ||   200
         Scorch            |     5 |    32 |    21 |       ||    58
         Volatile Blastmot |       |     3 |    60 |       ||    63
         Flame Wave        |       |       |    15 |     6 ||    21
    Use: Potion            |       |     2 |       |     1 ||     3
 Armour: Robe              |     5 |    10 |    27 |       ||    42
         Steam dragon scal |       |       |     3 |    29 ||    32
  Dodge: Dodged            |     2 |    25 |    31 |    13 ||    71
